 Dungeon Crawl Stone Soup version 0.25-a0-571-gb5e01bddfa (webtiles) character file.

Game seed: 13708113536470390124, levelgen mode: classic

34 EnegeticOcto the Covered (level 3, -1/34 HPs)
             Began as a Deep Dwarf Fighter on Feb 29, 2020.
             Slain by an orc
             ... wielding a +0 trident
              (5 damage)
             ... on level 3 of the Dungeon.
             The game lasted 00:00:25 (302 turns).

EnegeticOcto the Covered (Deep Dwarf Fighter)        Turns: 302, Time: 00:00:25

Health: -1/34      AC:  6    Str: 20    XL:     3   Next: 14%
Magic:  3/3        EV:  7    Int:  8    God:
Gold:   11         SH:  0    Dex: 12    Spells: 2/2 levels left

rFire    . . .     SeeInvis .   a - +0 war axe
rCold    . . .     Gourm    .   c - +0 kite shield
rNeg     . . .     Faith    .   b - +0 scale mail
rPois    .         Spirit   .   (no helmet)
rElec    .         Reflect  .   (no cloak)
rCorr    .         Harm     .   (no gloves)
MR       .....                  (no boots)
Stlth    ..........             (no amulet)
HPRegen  0.00/turn              (no ring)
MPRegen  0.08/turn              (no ring)

@: confused, non-regenerating
A: damage resistance, heal wounds, sense surroundings 1, no regeneration
a: Heal Wounds


You were on level 3 of the Dungeon.
You were not hungry.

You visited 1 branch of the dungeon, and saw 3 of its levels.

You collected 11 gold pieces.

Inventory:

Hand Weapons
 a - a +0 war axe (weapon)
Armour
 b - a +0 scale mail (worn)
 c - a +0 kite shield (worn)
Jewellery
 i - an uncursed ring of flight {unknown}
Scrolls
 g - 3 scrolls of enchant armour {unknown}
Potions
 d - a potion of heal wounds {unknown}
 h - 2 potions of berserk rage {unknown}
 k - a potion of might {@q3}
Comestibles
 e - 2 rations
 f - 12 chunks of flesh


   Skills:
 * Level 3.1 Fighting
 * Level 2.8 Axes
 + Level 3.5 Armour
 + Level 0.6 Dodging
 + Level 3.5 Shields


You had 2 spell levels left.
You didn't know any spells.
Your spell library was empty.

Dungeon Overview and Level Annotations

Branches:
Dungeon (3/15)

Altars:
Gozag

Shops:
D:2 *

Annotations:
D:3 Terence


Innate Abilities, Weirdness & Mutations

You are resistant to damage.
You can heal yourself by infusing magical energy.
You passively map a small area around you.
You do not regenerate.


Message History

Your shield and scale mail prevent you from hitting something.
The kobold shouts!
The orc barely misses you. You block the orc's attack.
The kobold hits you but does no damage. Something hits you but does no damage.
You block Terence's attack. The orc hits you but does no damage.
Your shield prevents you from hitting Terence.
You closely miss the orc. You hit the kobold. You closely miss something.
You block the orc's attack. The kobold hits you but does no damage.
Something hits you but does no damage. The orc closely misses you.
Terence hits you but does no damage. The orc hits you but does no damage.
You block the kobold's attack.
The frilled lizard bites you but does no damage.
Something hits you but does no damage.
You hit the kobold.
You kill the kobold!
You closely miss something. You hit Terence but do no damage.
Your shield prevents you from hitting the frilled lizard.
You barely miss the orc. The orc hits you but does no damage.
The frilled lizard bites you. The orc hits you but does no damage.
You block Terence's attack. Something hits you but does no damage.
The kobold throws a stone.
The stone barely misses you.
You closely miss Terence. You hit the frilled lizard.
You kill the frilled lizard!
Your shield and scale mail prevent you from hitting the orc.
You closely miss something. The orc barely misses you.
Something completely misses you. The orc barely misses you.
Terence hits you with a +0 flail.
The kobold throws a stone.
You block the stone.
You hear some strange, mumbled words.
You are confused.
The orc hits you with a cursed +0 club.
You are too confused!
You are too confused!
You are too confused!
You are too confused!
You are too confused!
You are too confused!
You are too confused!
You are too confused!
You are too confused!
You are too confused!
You are too confused!
The orc hits you but does no damage.
The kobold throws a stone.
The stone hits you but does no damage.
Some of the chunks of flesh in your inventory have rotted away.
You see here a stone.
You closely miss Terence. You miss something. You hit the orc.
The orc hits you with a cursed +0 club.
The orc hits you from afar with a +0 trident.
Terence closely misses you. Something hits you.
The kobold throws a stone.
The stone completely misses you. The orc barely misses you.
The orc hits you but does no damage.
You completely miss something. You hit the orc but do no damage.
You closely miss Terence.
Terence bares his teeth.
Terence hits you but does no damage.
You hear some strange, mumbled words.
A puff of flame appears from out of thin air!
The puff of flame hits you.
The kobold throws a stone.
The stone hits you but does no damage. The orc hits you but does no damage.
The orc closely misses you. Terence hits you with a +0 flail.
Something hits you.
You're too confused to move!
The orc completely misses you. The orc hits you but does no damage.
Something hits you but does no damage. Terence hits you with a +0 flail.
You bump into the rock wall.
The orc hits you but does no damage. The orc closely misses you.
You hear some strange, mumbled words.
You are more confused.
You're too confused!
You bump into the rock wall.
Terence barely misses you. The orc hits you but does no damage.
The orc hits you from afar with a +0 trident.
Something hits you but does no damage. The orc hits you with a cursed +0 club.
The orc barely misses you.
You're too confused to move!
Terence barely misses you. The orc hits you but does no damage.
Something hits you but does no damage.
You bump into the rock wall.
The orc hits you from afar with a +0 trident.
Terence hits you with a +0 flail!
* * * LOW HITPOINT WARNING * * *
Something hits you but does no damage.
You closely miss Terence. You miss the orc. You miss something.
The orc hits you but does no damage. x2
You hear some strange, mumbled words.
You are more confused.
Terence barely misses you. The orc hits you but does no damage.
The kobold hits you but does no damage.
You hear some strange, mumbled words.
Something tries to affect you, but you resist.
The orc hits you with a cursed +0 club. Terence barely misses you.
The kobold hits you but does no damage. The orc hits you but does no damage.
Something hits you.
* * * LOW HITPOINT WARNING * * *
The orc hits you with a cursed +0 club.
* * * LOW HITPOINT WARNING * * *
Terence closely misses you. The kobold barely misses you.
You're too confused to move!
The orc hits you from afar with a +0 trident!
You die...

..........# ,
..........#
..........# ,
..........# *
, ..%.......#
* ........)(#
, .......o.(#
# *#
......{.@.###
#####...
......o@K...#
....>...
......#####..#
<..###..
...... #.#
##...# .....,
.# #.....
..... #
#...<,.... * *
* ...# ##.. ,
* * ..# , ,, ,
## ,


You could see Terence, 2 orcs and a kobold.

Vanquished Creatures
  An adder (D:2)
  A leopard gecko (D:2)
  An orc (D:3)
  2 bats
  2 giant cockroaches
  5 hobgoblins
  2 kobolds
  2 ball pythons
  3 frilled lizards
  2 goblins
  A rat (D:1)
22 creatures vanquished.

Notes
Turn   | Place    | Note
-------+----------+-------------------------------------------
     0 | D:1      | EnegeticOcto the Deep Dwarf Fighter began the quest for the
                  | Orb.
     0 | D:1      | Reached XP level 1. HP: 20/20 MP: 1/1
    60 | D:1      | Reached XP level 2. HP: 27/27 MP: 2/2
   138 | D:2      | Found Gozag's Platinum Reserve.
   157 | D:2      | Found an opulent altar of Gozag.
   219 | D:2      | Reached XP level 3. HP: 31/34 MP: 3/3
   279 | D:3      | Noticed Terence
   302 | D:3      | Slain by an orc

Levels and vault maps discovered:
D:1:      scummos_arrival_gate, layout_basic, lemuel_old_faithful
D:2:      layout_basic, kennysheep_donut, nicolae_gozag_zags_fifth_avenue,
          uniq_jessica
D:3:      layout_rooms, eino_tiny_chamber, chequers_arboretum, st_stairs_3,
          uniq_terence

Skill      XL: |  1  2 |
---------------+-------+-----
Fighting       | 3 |  3.1
Axes           | |  2.8
Armour         | |  3.5
Dodging        | |  0.6
Shields        | |  3.5

Action                   || total
-------------------------++-------
Melee: War axe           ||    74
 Abil: Heal Wounds       ||     1
Armor: Scale mail        ||    77
Dodge: Dodged            ||    48
Block: Kite shield       ||    67

Table legend:
 A = Non-vault XP
 B = Vault XP
 C = Vault XP percentage of total XP
 D = Non-vault monster count
 E = Vault monster count
 F = Vault count percentage of total count
                 A         B        C        D         E       F
            +---------+---------+-------+---------+---------+-------
      Total |      49 |       0 |   0.0 |      22 |       0 |   0.0
            +---------+---------+-------+---------+---------+-------
        D:1 |      19 |       0 |   0.0 |      12 |       0 |   0.0
        D:2 |      22 |       0 |   0.0 |       5 |       0 |   0.0
        D:3 |       8 |       0 |   0.0 |       5 |       0 |   0.0
            +---------+---------+-------+---------+---------+-------
